 Dungeon Crawl Stone Soup version 0.28.0-53-g5a82cb258f (webtiles) character file.

Game seed: 14234681811656011922

887 Infinimo the Geomancer (level 8, -2/41 HPs)
             Began as a Gargoyle Earth Elementalist on June 5, 2022.
             Slain by an iguana (5 damage)
             ... on level 7 of the Dungeon.
             The game lasted 00:07:46 (5363 turns).

Infinimo the Geomancer (GrEE)                       Turns: 5363, Time: 00:07:47

Health: -2/41      AC: 10    Str: 12    XL:     8   Next: 5%
Magic:  5/15       EV: 11    Int: 18    God:
Gold:   200        SH:  0    Dex: 10    Spells: 13/17 levels left

rFire   . . .      SeeInvis .   c - +2 dagger (venom)
rCold   . . .      Faith    .   (no shield)
rNeg    + . .      Spirit   .   b - +0 robe
rPois   ∞          Reflect  .   (no helmet)
rElec   +          Harm     .   e - +1 cloak
rCorr   .          Rampage  .   (no gloves)
Will    .....                   x - +0 pair of boots
Stlth   +.........              (no amulet)
HPRegen 0.13/turn               (no ring)
MPRegen 0.14/turn               (no ring)

@: confused
A: sickness immunity, AC +5, negative energy resistance 1, electricity
resistance, torment resistance 1, petrification resistance
a: no special abilities


You were on level 7 of the Dungeon.
You visited 1 branch of the dungeon, and saw 7 of its levels.

You collected 200 gold pieces.

Inventory:

Hand Weapons
 c - a +2 dagger of venom (weapon)
 i - a +0 spear
Missiles
 h - 6 curare-tipped darts
 u - a throwing net
Armour
 b - a +0 robe (worn)
 e - a +1 cloak (worn)
 x - a +0 pair of boots (worn)
Jewellery
 m - a +6 ring of intelligence
 q - a ring of wizardry
 s - a ring of protection from cold
Wands
 r - a wand of digging (3)
 t - a wand of iceblast (10)
Scrolls
 g - 2 scrolls of identify {unknown}
 o - a scroll of enchant armour {unknown}
 w - a scroll of noise {unknown}
Potions
 a - a potion of ambrosia {unknown}
 d - a potion of curing {unknown}
 j - a potion of brilliance {unknown}
 k - a potion of lignification {unknown}
 l - a potion of berserk rage {unknown}
 n - a potion of haste {unknown}
 p - a potion of degeneration {unknown}
 v - a potion of flight {unknown}
 z - a potion of invisibility {unknown}


   Skills:
 - Level 1.5 Dodging
 - Level 2.1 Stealth
 + Level 5.0 Spellcasting
 - Level 0.7 Transmutations
 * Level 9.4 Earth Magic


You had 13 spell levels left.
You knew the following spells:

 Your Spells              Type           Power      Damage    Failure   Level
a - Sandblast             Erth           76%        2d16      1%          1
b - Stone Arrow           Conj/Erth      42%        3d9       6%          3

Your spell library contained the following spells:

 Spells                   Type           Power      Damage    Failure   Level
 Passwall                 Tmut/Erth      18%        N/A       2%          2
 Slow                     Hex            16%        N/A       13%         1
 Petrify                  Tmut/Erth      22%        N/A       16%         4
 Confusing Touch          Hex            4%         N/A       36%         3
 Vampiric Draining        Necr           4%         2d6       36%         3
 Blade Hands              Tmut           3%         N/A       95%         5
 Irradiate                Conj/Tmut      2%         3d14      97%         5
 Dragon Form              Tmut           3%         N/A       100%        7
 Malign Gateway           Summ/Tloc      2%         N/A       100%        7
 Summon Horrible Things   Summ           2%         N/A       100%        8


Dungeon Overview and Level Annotations

Branches:
Dungeon (8/15)
 Temple: D:4-7         Lair: D:8-11

Altars:

Shops:
D:1 (

Annotations:
D:8 Psyche


Innate Abilities, Weirdness & Mutations

You are immune to sickness and miasma.
Your stone body is resilient. (AC +5)
You are immune to poison.
You resist negative energy. (rN+)
You are resistant to electric shocks. (rElec)
You are resistant to unholy torment.
You are immune to petrification.


Message History

A magic dart appears from out of thin air!
The magic dart hits you but does no damage.
Something hits you but does no damage.
The gnoll shaman hits you but does no damage.
Something hits you.
You see here a +0 dagger.
You hit the iguana but do no damage. Your punch misses the iguana.
The orc barely misses you. The iguana closely misses you.
Something completely misses you. Something hits you but does no damage.
The gnoll shaman hits you with a +0 whip.
Something hits you but does no damage.
You feel less confused.
The iguana bites you but does no damage.
You hear some strange, mumbled words.
You are confused.
The gnoll shaman closely misses you. Something hits you but does no damage.
The iguana bites you but does no damage.
The gnoll shaman hits you but does no damage.
You miss something.
You hear some strange, mumbled words.
You are more confused.
The iguana bites you. The gnoll shaman closely misses you.
The orc priest closely misses you.
You hear the steady creaking of a very distant portcullis.
You hear some strange, mumbled words.
A puff of flame appears from out of thin air!
The puff of flame hits you.
* * * LOW HITPOINT WARNING * * *
The orc priest mumbles some strange prayers to Beogh against you.
Beogh smites you!
* * * LOW HITPOINT WARNING * * *
Something hits you but does no damage.
Unknown command.
You completely miss something.
The orc priest calls down the wrath of Beogh upon you.
Something writhes in agony.
You hear some strange, mumbled words.
The iguana bites you.
You die...

......#....#.........#
......'....#...)...... ..
###.#....#.o........ ..
#.'.<..#.......... .#######
#.#..).##>)....... #......
...#.oo.##.#######. ..
.....####.#o.g.##).......
... ....####.#.l{.##)#######
....##.......#..@.##.#
#go........###'###.#
##..........###.###.#######
.............)).............
#####...###..###.###.###....
#...# #..###.# #.# ## #...#
#......# #># #...# #..###.#
### #...# #### #.#


You could see a gnoll shaman, an iguana, 2 orc priests and an orc.

Vanquished Creatures
  An ice beast (D:3)
  A black bear (D:4)
  2 phantoms (D:4)
  A scorpion (D:4)
  A water moccasin skeleton (D:5)
  A wight (D:7)
  A centaur zombie (D:7)
  An orc priest (D:7)
  A jelly (D:5)
  Ijyb (D:3)
  An iguana (D:4)
  A hound skeleton (D:4)
  Robin (D:2)
  8 gnolls
  5 adders
  A white imp (D:4)
  A dart slug (D:4)
  9 orcs
  10 endoplasms
  3 giant cockroaches
  14 goblins
  9 hobgoblins
  2 jackals (D:4)
  6 quokkas
  7 ball pythons
  4 bats
  15 frilled lizards
  7 kobolds
  4 rats
119 creatures vanquished.

Vanquished Creatures (others)
  An orc (D:8)
  3 plants (D:1)
4 creatures vanquished.

Grand Total: 123 creatures vanquished

Notes
Turn   | Place    | Note
-------+----------+-------------------------------------------
     0 | D:1      | Infinimo the Gargoyle Earth Elementalist began the quest
                  | for the Orb.
     0 | D:1      | Reached XP level 1. HP: 10/10 MP: 3/3
   136 | D:1      | Reached skill level 4 in Earth Magic
   256 | D:1      | Reached XP level 2. HP: 15/15 MP: 3/5
   531 | D:1      | Found Ihuupe's Weapon Shop.
   860 | D:1      | Reached XP level 3. HP: 14/19 MP: 3/6
  1517 | D:2      | Reached skill level 5 in Earth Magic
  1525 | D:2      | Reached XP level 4. HP: 11/24 MP: 6/8
  1903 | D:2      | Noticed Robin
  1989 | D:2      | Killed Robin
  2370 | D:2      | Reached XP level 5. HP: 18/28 MP: 9/9
  2722 | D:3      | Learned a level 3 spell: Stone Arrow
  2778 | D:3      | Reached skill level 6 in Earth Magic
  2796 | D:3      | Found a faded altar of an unknown god.
  3042 | D:3      | Noticed an ice beast
  3046 | D:3      | Killed an ice beast
  3047 | D:3      | Reached XP level 6. HP: 32/32 MP: 6/11
  3121 | D:3      | Noticed Ijyb
  3141 | D:3      | Killed Ijyb
  3648 | D:4      | Reached skill level 7 in Earth Magic
  3671 | D:4      | Noticed a black bear
  3676 | D:4      | Killed a black bear
  3969 | D:4      | Reached XP level 7. HP: 31/36 MP: 9/13
  4101 | D:4      | Reached skill level 8 in Earth Magic
  4687 | D:5      | Entered Level 5 of the Dungeon
  4939 | D:5      | Reached skill level 9 in Earth Magic
  5051 | D:5      | You fall into a shaft and drop 3 floors!
  5053 | D:8      | Noticed Psyche
  5336 | D:7      | Reached skill level 5 in Spellcasting
  5336 | D:7      | Reached XP level 8. HP: 38/41 MP: 1/15
  5363 | D:7      | Slain by an iguana

Illustrated notes

Levels and vault maps discovered:
D:1:      elethiomel_arrival_shortcut, layout_basic, serial_shops,
          nicolae_shop_hallway_stairs, minmay_lizard_king
D:2:      layout_loops_ring, uniq_robin
D:3:      layout_loops_cross, hellmonk_ecumenical_altar_pennies_from_heaven,
          amcnicky_mini_pool_small, uniq_ijyb
D:4:      minmay_chambers_of_threes, layout_gridville
D:5:      gammafunk_steamed_eel, layout_loops_ring
D:7:      layout_basic, enter_bailey_5, chequers_serial_rivers_small_3,
          st_stairs_5, minmay_fountain_box, wad_floor_pattern_untrapped
D:8:      layout_loops_ring, grunt_gozag_breadcrumbs,
          grunt_lair_entry_orc_guard_hut, uniq_psyche, uniq_maggie, uniq_grum,
          uniq_joseph

Skill      XL: |  1  2  3  4  5  6  7 |
---------------+----------------------+-----
Earth Magic    | 4 5 6 7 9 |  9.4
Spellcasting   | 3 4 5 |  5.0
Dodging        | |  1.5
Stealth        | |  2.1
Transmutations | |  0.7

Action                   |  1- 3 |  4- 6 |  7- 9 || total
-------------------------+-------+-------+-------++-------
Melee: Unarmed           |     6 |       |       ||     6
       Dagger            |    28 |    96 |    96 ||   220
       Punch             |     1 |       |     1 ||     2
Throw: Dart              |     4 |     1 |       ||     5
 Cast: Sandblast         |    30 |    24 |    22 ||    76
       Stone Arrow       |       |       |     8 ||     8
  Use: Scroll            |       |       |     1 ||     1
 Stab: Sleeping          |     3 |     4 |     2 ||     9
       Distracted        |       |     1 |       ||     1
Armor: Robe              |    19 |    22 |    46 ||    87
Dodge: Dodged            |    24 |    41 |    72 ||   137
